 Dungeon Crawl Stone Soup version 0.29-a0-321-gf1c400731a (webtiles) character file.

Game seed: 3958804722365120317

42 kae the Firebug (level 3, 0/20 HPs)
             Began as a Tengu Fire Elementalist on Apr 4, 2022.
             Slain by a giant cockroach (2 damage)
             ... on level 2 of the Dungeon.
             The game lasted 00:01:11 (1233 turns).

kae the Firebug (Tengu Fire Elementalist)           Turns: 1233, Time: 00:01:11

Health: 0/20       AC:  1    Str:  8    XL:     3   Next: 56%
Magic:  7/7        EV: 12    Int: 17    God:
Gold:   111        SH:  0    Dex: 14    Spells: 2/6 levels left

rFire   . . .      SeeInvis .   d - +2 trident (venom)
rCold   . . .      Faith    .   (no shield)
rNeg    . . .      Spirit   .   a - +0 robe
rPois   .          Reflect  .   (helmet restricted)
rElec   .          Harm     .   (no cloak)
rCorr   .          Rampage  .   (no gloves)
Will    .....      Rage     1%  (boots unavailable)
Stlth   ++........              (no amulet)
HPRegen 0.06/turn               (no ring)
MPRegen 0.10/turn               (no ring)

@: no status effects
A: beak, talons 3, berserk 1, deformed body, devolution 1
a: no special abilities


You were on level 2 of the Dungeon.
You visited 1 branch of the dungeon, and saw 2 of its levels.

You collected 111 gold pieces.

Inventory:

Hand Weapons
 d - a +2 trident of venom (weapon)
Armour
 a - a +0 robe (worn)
Scrolls
 c - a scroll of identify
Potions
 b - a potion of magic
 f - a potion of brilliance
 h - a potion of attraction


   Skills:
 + Level 0.9 Fighting
 + Level 1.0 Armour
 + Level 2.4 Dodging
 - Level 2.0 Stealth
 + Level 2.2 Spellcasting
 + Level 2.1 Conjurations
 * Level 3.9 Fire Magic


You had 2 spell levels left.
You knew the following spells:

 Your Spells              Type           Power      Damage    Failure   Level
a - Foxfire               Conj/Fire      48%        2x1d6     5%          1
b - Scorch                Fire           30%        2d6       5%          2
c - Summon Small Mammal   Summ           4%         N/A       19%         1

Your spell library contained the following spells:

 Spells                   Type           Power      Damage    Failure   Level
 Conjure Flame            Conj/Fire      12%        6-21      16%         3
 Inner Flame              Hex/Fire       8%         N/A       26%         3
 Flame Wave               Conj/Fire      12%        2d6       47%         4
 Call Canine Familiar     Summ           1%         N/A       50%         3
 Summon Guardian Golem    Hex/Summ       1%         N/A       50%         3


Dungeon Overview and Level Annotations

Branches:
Dungeon (2/15)

Altars:


Innate Abilities, Weirdness & Mutations

You have a beak for a mouth.
You have claws for feet.
You tend to lose your temper in combat.
Armour fits poorly on your strangely shaped body.
You have hidden genetic defects.


Message History

You feel a little pissed off.
You feel a hidden malignance growing inside you.
The gnoll hits you with a +0 club.
* * * LOW HITPOINT WARNING * * *
You feel better. The gnoll hits you with a +0 club.
* * * LOW HITPOINT WARNING * * *
Okay, then.
You aren't carrying any items that you can evoke.
Unknown command.
Okay, then.
You hit the gnoll.
You kill the gnoll!
The giant cockroach bites you.
* * * LOW HITPOINT WARNING * * *
Your Armour skill increases to level 1!
The giant cockroach attacks as you move away!
The giant cockroach bites you but does no damage.
The giant cockroach closely misses you.
The giant cockroach attacks as you move away!
The giant cockroach closely misses you.
The giant cockroach attacks as you move away!
The giant cockroach bites you but does no damage.
The giant cockroach attacks as you move away!
The giant cockroach closely misses you.
The giant cockroach attacks as you move away!
The giant cockroach misses you.
The giant cockroach attacks as you move away!
The giant cockroach completely misses you.
The giant cockroach bites you but does no damage.
You feel a genetic drift.
Your body twists and deforms.
Unknown command.
Unknown command.
Unknown command.
The giant cockroach attacks as you move away!
The giant cockroach closely misses you.
The giant cockroach attacks as you move away!
The giant cockroach barely misses you. The giant cockroach bites you.
You die...

#.....g.g..# #######...#
#.......#### ##### ..........#
#.......# #.S.# #######...#
#######.#######.#.# ##....## ..
...#.gw.g..S.#.#### # #.......
#.###.###########...S# #.#.#...##
#........###########.###.#....#..
#..................#.g.#...####.#
.......<).......@BS..#.###.####.#
#....................#.#........#
#.#.#####............# #.....##.#
#.#.#####..........###..........#
#.#................# ###.........
..#...........)....# ####....)#
...................# #.........
###.........[......# #.........
..........###.#### #.........


You could see a gnoll, an adder and a giant cockroach.

Vanquished Creatures
  A gnoll (D:2)
  2 bats (D:1)
  2 endoplasms
  4 goblins
  4 hobgoblins
  7 jackals (D:1)
  A quokka (D:1)
  2 ball pythons (D:1)
  4 kobolds
27 creatures vanquished.

Vanquished Creatures (others)
  48 foxfires
48 creatures vanquished.

Grand Total: 75 creatures vanquished

Notes
Turn   | Place    | Note
-------+----------+-------------------------------------------
     0 | D:1      | kae the Tengu Fire Elementalist began the quest for the
                  | Orb.
     0 | D:1      | Reached XP level 1. HP: 10/10 MP: 4/4
   273 | D:1      | Reached XP level 2. HP: 15/15 MP: 3/6
   740 | D:2      | Reached XP level 3. HP: 20/20 MP: 5/7
   743 | D:2      | Learned a level 2 spell: Scorch
   745 | D:2      | Learned a level 1 spell: Summon Small Mammal
  1213 | D:2      | Identified the +9 war axe of Conscience {vorpal, Int+2
                  | Dex+4 Stlth+}
  1217 | D:2      | Gained mutation: You tend to lose your temper in combat.
                  | [potion of mutation]
  1217 | D:2      | Gained mutation: You have hidden genetic defects. [potion
                  | of mutation]
  1219 | D:2      | HP: 1/20 [giant cockroach (2)]
  1220 | D:2      | Reached skill level 1 in Armour
  1228 | D:2      | Gained mutation: Armour fits poorly on your strangely
                  | shaped body. [hidden defects]
  1233 | D:2      | Slain by a giant cockroach

Illustrated notes

Levels and vault maps discovered:
D:1:      amcnicky_arrival_single_pillar, layout_rooms
D:2:      layout_basic

Skill      XL: |  1  2  3 |
---------------+----------+-----
Conjurations   | 2 |  2.1
Armour         | 1 |  1.0
Fighting       | |  0.9
Dodging        | |  2.4
Stealth        | |  2.0
Spellcasting   | |  2.2
Fire Magic     | |  3.9

Action                   || total
-------------------------++-------
Melee: Trident           ||    29
       Kick              ||     5
       Peck              ||     2
 Cast: Foxfire           ||    27
  Use: Scroll            ||     8
       Potion            ||     2
 Stab: Sleeping          ||     1
Armor: Robe              ||    11
Dodge: Dodged            ||    26

Table legend: (Time is in decaauts)
 A = Elapsed time spent in this place.
 B = Non-inter-level travel time spent in this place.
 C = Inter-level travel time spent in this place.
 D = Time resting spent in this place.
 E = Time spent auto-exploring this place.
 F = Levels seen in this place.
 G = Mean time per level.
                   A        B        C        D        E       F      G
               +--------+--------+--------+--------+--------+-----+--------+
         Total |   1242 |   1235 |      7 |    246 |    770 |   2 |  621.0 |
       Dungeon |   1242 |   1235 |      7 |    246 |    770 |   2 |  621.0 |
               +--------+--------+--------+--------+--------+-----+--------+

Top non-repeatable levels by time:
     D:1: 876 daAuts
     D:2: 365 daAuts
